 Dungeon Crawl Stone Soup version 0.23.2-33-g5129a83184 (webtiles) character file.

Game seed: 12936080110024150048

17376 ruda the Cleaver (level 12, -18/110 HPs)
             Began as a Minotaur Fighter on July 27, 2019.
             Was an Elder of Nemelex Xobeh.
             Demolished by a komodo dragon (24 damage)
             ... on level 12 of the Dungeon.
             The game lasted 01:24:25 (17540 turns).

ruda the Cleaver (Minotaur Fighter)                Turns: 17540, Time: 01:24:45

Health: -18/110    AC: 17    Str: 29    XL:     12   Next: 18%
Magic:  0/11       EV: 12    Int:  9    God:    Nemelex Xobeh [****..]
Gold:   260        SH: 13    Dex: 10    Spells: 11/11 levels left

rFire    + + .     SeeInvis .   O - +2 war axe "Demonbane" {chop, Str+3 Int+4 Stlth+}
rCold    + . .     Gourm    .   v - +0 shield
rNeg     . . .     Faith    .   U - +0 plate armour
rPois    +         Spirit   +   a - +2 hat
rElec    +         Reflect  .   t - +0 cloak
rCorr    +         Harm     .   g - +0 pair of gloves
MR       .....                  b - +0 pair of boots
Stlth    ..........             W - amulet of guardian spirit
HPRegen  0.28/turn              c - +5 ring of evasion
MPRegen  0.12/turn              z - ring of protection from fire

@: resistant, corroded, invisible
A: retaliatory headbutt, horns 2
a: Draw Escape, Draw Destruction, Draw Summoning, Triple Draw, Deal Four,
Renounce Religion


You were on level 12 of the Dungeon.
You worshipped Nemelex Xobeh.
Nemelex Xobeh was greatly pleased with you.
You were not hungry.

You visited 3 branches of the dungeon, and saw 15 of its levels.

You collected 720 gold pieces.
You spent 460 gold pieces at shops.

Inventory:

Hand Weapons
 O - the +2 war axe "Demonbane" (weapon) {chop, Str+3 Int+4 Stlth+}
   (You found it on level 10 of the Dungeon)

   It inflicts extra damage upon your enemies.
   It affects your strength (+3).
   It affects your intelligence (+4).
   It makes you more stealthy.
Missiles
 K - a throwing net
 R - 7 javelins (quivered)
Armour
 a - a +2 hat (worn)
 b - a +0 pair of boots (worn)
 g - a +0 pair of gloves (worn)
 n - a +0 large shield
 t - a +0 cloak (worn)
 v - a +0 shield (worn)
 U - a +0 plate armour (worn)
Jewellery
 c - a +5 ring of evasion (left hand)
 q - an uncursed ring of magical power
 s - an uncursed amulet of the gourmand
 u - an uncursed amulet of the acrobat
 z - a ring of protection from fire (right hand)
 T - an uncursed ring of protection from magic
 W - an amulet of guardian spirit (around neck)
Wands
 y - a wand of digging (7)
 D - a wand of clouds (6)
 F - a wand of acid (5)
 I - a wand of polymorph (9)
 L - a wand of flame (29)
 M - a wand of iceblast (8)
 N - a wand of paralysis (7)
Scrolls
 j - 3 scrolls of enchant armour {unknown}
 m - 3 scrolls of immolation {unknown}
 o - 7 scrolls of teleportation
 p - a scroll of magic mapping {unknown}
 x - 2 scrolls of fog {unknown}
 B - a scroll of amnesia {unknown}
 C - 2 scrolls of enchant weapon {unknown}
 G - 2 scrolls of fear {unknown}
 H - a scroll of random uselessness {unknown}
 P - a scroll of vulnerability {unknown}
 Q - a scroll of holy word {unknown}
 V - a scroll of blinking {unknown}
Potions
 d - a potion of might
 e - 3 potions of brilliance
 h - a potion of mutation
 i - 2 potions of flight
 l - 4 potions of agility
 r - a potion of cancellation
 w - 2 potions of curing
 A - 4 potions of resistance
 E - a potion of ambrosia {unknown}
 J - 2 potions of haste
 S - a potion of magic
Comestibles
 f - 13 rations


   Skills:
 + Level 11.3 Fighting
 * Level 14.7 Axes
 + Level 11.2 Armour
 - Level 1.0 Dodging
 + Level 11.1 Shields


You had 11 spell levels left.
You didn't know any spells.
Your spell library contained the following spells:

 Spells                   Type           Power        Failure   Level  Hunger
 Corona                   Hex            #......      99%         1    ##.....
 Flame Tongue             Conj/Fire      #....        99%         1    ##.....
 Magic Dart               Conj           #...         99%         1    ##.....
 Ensorcelled Hibernation  Hex/Ice        #.....       100%        2    ###....
 Searing Ray              Conj           #.....       100%        2    ###....
 Throw Flame              Conj/Fire      #.....       100%        2    ###....
 Confuse                  Hex            #.......     100%        3    ####...
 Conjure Flame            Conj/Fire      #.......     100%        3    ####...
 Dazzling Spray           Conj/Hex       #.....       100%        3    ####...
 Inner Flame              Hex/Fire       #.......     100%        3    ####...
 Tukima's Dance           Hex            #.......     100%        3    ####...
 Force Lance              Conj/Tloc      #.......     100%        4    #####..
 Fulminant Prism          Conj/Hex       #.........   100%        4    #####..
 Iskenderun's Mystic Bla  Conj           #.......     100%        4    #####..
 Sticky Flame             Conj/Fire      #.......     100%        4    #####..
 Fireball                 Conj/Fire      #.........   100%        5    ######.


Dungeon Overview and Level Annotations

Branches:
Dungeon (13/15) Temple (1/1) D:6 Lair (0/6) D:10 Orc (1/2) D:9 Vaults (0/5) D:12 D:13

Altars:
Ashenzari
Cheibriados
Dithmenos
Elyvilon
Fedhas
Gozag
Hepliaklqana
Kikubaaqudgha
Makhleb
Nemelex Xobeh
Okawaru
Qazlal
Ru
Sif Muna
Trog
Uskayaw
Vehumet
Wu Jian
Xom
Yredelemnul
Zin
The Shining One

Shops:
D:5 !   D:6 !   D:12 %   Orc:1 *

Annotations:
D:8 Erica, Grum
D:13 Nessos, Urug


Innate Abilities, Weirdness & Mutations

You reflexively headbutt those who attack you in melee.
You have a pair of horns on your head.


Message History

Okay, then.
Okay, then.
Okay, then.
Okay, then.
Okay, then.
Your hell hound closely misses the human.
The human hits your rust devil.
Your rust devil closely misses the acid dragon.
Your hell hound misses the human.
Things that are here:
a +4 great sword; a +0 robe
Okay, then.
You fade into invisibility!
The two-headed ogre hits your rust devil with a +0 giant spiked club!!
The two-headed ogre hits your rust devil with a +0 giant club!
The human hits your rust devil!
Your rust devil dies!
The komodo dragon bites you!!
You die...
Your body disappears without a glow.

#..###########......#.####..#####
####..#.....#########.####..'....
...#..'≈≈≈≈≈# #..........#....
...#..#.....# #..........#..##
...'..####### #..........#....
...#..###.<##########'#######....
...#.......#....##............###
...#.......#.....#.......###..#
...#.......#...l@#..#....# #..#
...#.......#..†D†#..#....# #..#
...#.####..#..÷Oph.......# #..#
...#.# #.8..∩..8.#####..# #..#
...#.####..#.....##...#.(# #..#
####.......†.....##...#..# #..#
#####......#.....##...#.># #..#
#...#......#....###...#..###..#
#...#......#....###...#.......#


You could see a two-headed ogre, a komodo dragon, a human, an acid dragon and a
friendly hell hound.

Vanquished Creatures
  The ghost of Statics the Blocker, a journeyman GnFi of Gozag (D:12)
  A shock serpent (D:10)
  A manticore (D:11)
  2 cyclopes
  2 kobold demonologists (D:11)
  A harpy skeleton (D:12)
  A raiju (D:10)
  2 trolls
  A dream sheep (D:10)
  3 hippogriffs
  A shadow (D:12)
  5 yaks
  2 wyverns (D:11)
  A basilisk (D:10)
  15 humans (D:12)
  A wraith (D:10)
  A hungry ghost (D:8)
  2 steam dragons
  Edmund (D:4)
  Duvessa (D:4)
  7 orc warriors
  A water moccasin (D:7)
  8 sky beasts
  A hornet zombie (D:9)
  5 ice beasts
  3 phantoms
  14 ogres
  An eye of draining (D:7)
  4 wolves (D:8)
  6 centaurs
  2 crocodiles
  4 big kobolds
  9 bullfrogs
  3 gnoll sergeants
  Dowan (D:4)
  6 scorpions
  7 wights
  2 howler monkeys (D:9)
  3 crimson imps
  A bullfrog zombie (D:12)
  6 electric eels (D:9)
  3 centaur zombies
  A bullfrog skeleton (D:8)
  A centaur skeleton (D:10)
  7 hounds
  2 jellies
  Crazy Yiuf (D:2)
  A gnoll shaman (D:4)
  3 orc priests
  4 iguanas
  Jessica (D:3)
  7 orc wizards
  7 worker ants
  A killer bee zombie (D:6)
  2 worker ant zombies
  Robin (D:2)
  7 adders
  12 gnolls
  A howler monkey skeleton (D:5)
  A shadow imp (D:8)
  2 oozes
  2 adder zombies
  2 adder skeletons
  3 worms
  2 dart slugs (D:1)
  8 leopard geckos
  40 orcs
  5 ball pythons
  5 giant cockroaches
  11 goblins
  15 hobgoblins
  7 jackals
  4 quokkas
  4 bats
  2 frilled lizards
  A jackal skeleton (D:4)
  9 kobolds
  A quokka skeleton (D:8)
  6 rats
  A bush (D:6)
  A fungus (D:10)
  2 plants (D:9)
335 creatures vanquished.

Vanquished Creatures (collateral kills)
  2 wraiths (D:10)
  A hungry ghost (D:10)
  A vampire mosquito (D:12)
  A centaur (D:8)
5 creatures vanquished.

Vanquished Creatures (others)
  2 centaurs (D:8)
  A bullfrog (D:8)
  A wight (D:8)
  A crimson imp (D:10)
  A bullfrog skeleton (D:10)
  An orc wizard (D:10)
  2 ball lightnings (D:10)
  An orc (D:8)
  A giant cockroach (D:8)
  A plant (D:9)
12 creatures vanquished.

Grand Total: 352 creatures vanquished

Notes
Turn   | Place    | Note
-------+----------+-------------------------------------------
     0 | D:1      | ruda the Minotaur Fighter began the quest for the Orb.
     0 | D:1      | Reached XP level 1. HP: 19/19 MP: 0/0
   466 | D:1      | Reached XP level 2. HP: 19/27 MP: 1/1
  1288 | D:1      | Reached XP level 3. HP: 21/33 MP: 2/2
  1291 | D:1      | Reached skill level 3 in Axes
  1404 | D:2      | Noticed Robin
  1898 | D:2      | Killed Robin
  2208 | D:2      | Reached skill level 1 in Dodging
  2208 | D:2      | Reached XP level 4. HP: 37/40 MP: 3/3
  2285 | D:2      | Found a sacrificial altar of Ru.
  2399 | D:2      | Reached skill level 4 in Axes
  2689 | D:2      | Found a runed translucent door.
  2690 | D:2      | Noticed Crazy Yiuf
  2699 | D:2      | Killed Crazy Yiuf
  3197 | D:3      | Noticed Jessica
  3200 | D:3      | Killed Jessica
  3200 | D:3      | Reached XP level 5. HP: 47/47 MP: 4/4
  3380 | D:3      | Found a deep blue altar of Sif Muna.
  3469 | D:4      | Reached skill level 5 in Axes
  3548 | D:4      | Noticed an ogre
  3762 | D:4      | Noticed Edmund
  3773 | D:4      | Killed Edmund
  3773 | D:4      | Reached skill level 5 in Fighting
  3773 | D:4      | Reached skill level 5 in Armour
  3773 | D:4      | Reached XP level 6. HP: 32/56 MP: 5/5
  3948 | D:4      | Found a shadowy altar of Dithmenos.
  4008 | D:4      | Noticed Duvessa
  4009 | D:4      | Noticed Dowan
  4150 | D:4      | Reached skill level 6 in Axes
  4157 | D:4      | Reached skill level 5 in Shields
  4157 | D:4      | Reached XP level 7. HP: 52/61 MP: 6/6
  4509 | D:4      | Killed Duvessa
  4517 | D:4      | Killed Dowan
  4988 | D:5      | Entered Level 5 of the Dungeon
  5023 | D:5      | Reached skill level 7 in Axes
  5323 | D:5      | Found an iron altar of Okawaru.
  5429 | D:5      | Reached XP level 8. HP: 70/70 MP: 7/7
  5482 | D:5      | Found Evvulonut's Distillery.
  5491 | D:5      | Bought a potion of heal wounds for 70 gold pieces
  5491 | D:5      | Bought a potion of lignification for 42 gold pieces
  6333 | D:6      | Reached skill level 8 in Axes
  7311 | D:6      | Reached skill level 9 in Axes
  7506 | D:6      | Found a staircase to the Ecumenical Temple.
  7510 | D:6      | Found Liunu's Distillery.
  7532 | D:6      | Reached XP level 9. HP: 74/79 MP: 8/8
  7560 | D:6      | Bought a potion of degeneration for 14 gold pieces
  7674 | Temple   | Entered the Ecumenical Temple
  7948 | Temple   | Became a worshipper of Nemelex Xobeh the Trickster
  8036 | D:6      | Found an ancient bone altar of Kikubaaqudgha.
  8037 | D:6      | Found a burning altar of Makhleb.
  8104 | D:6      | Received a gift from Nemelex Xobeh
  8395 | D:7      | Found a basalt altar of Yredelemnul.
  8405 | D:7      | Received a gift from Nemelex Xobeh
  8602 | D:7      | Found a sacrificial altar of Ru.
  8602 | D:7      | Found a blossoming altar of Fedhas.
  8635 | D:7      | Reached * piety under Nemelex Xobeh
  8793 | D:7      | Found a bloodstained altar of Trog.
  8794 | D:7      | Identified the +0 hand axe of Distant Shores {flame, rF+
                  | Stlth+}
  8811 | D:7      | Reached skill level 10 in Axes
  8900 | D:7      | Found a stormy altar of Qazlal.
  8946 | D:7      | Found a hide-covered altar of Uskayaw.
  9088 | D:8      | Noticed Erica
  9558 | D:8      | Received a gift from Nemelex Xobeh
  9603 | D:8      | Noticed Grum
  9623 | D:8      | Reached skill level 11 in Axes
  9629 | D:8      | HP: 3/82 [Grum/+1 spear of venom (12)]
  9630 | D:8      | HP: 1/82 [poisoned by Grum]
  9998 | D:8      | Reached XP level 10. HP: 85/90 MP: 9/9
 10397 | D:8      | Received a gift from Nemelex Xobeh
 10456 | D:8      | Found a snail-covered altar of Cheibriados.
 10456 | D:8      | Found a glowing silver altar of Zin.
 10527 | D:9      | Reached ** piety under Nemelex Xobeh
 10608 | D:9      | Received a gift from Nemelex Xobeh
 10878 | D:8      | Found a shimmering altar of Xom.
 11281 | D:5      | Bought a potion of berserk rage for 70 gold pieces
 11355 | D:6      | Bought a potion of curing for 42 gold pieces
 11355 | D:6      | Bought a potion of invisibility for 112 gold pieces
 12205 | D:9      | Reached skill level 12 in Axes
 12764 | D:9      | Found an opulent altar of Gozag.
 12899 | D:9      | Found a staircase to the Orcish Mines.
 12913 | Orc:1    | Entered Level 1 of the Orcish Mines
 12913 | Orc:1    | Found Koumih's General Store.
 12962 | D:9      | Received a gift from Nemelex Xobeh
 13393 | D:10     | Entered Level 10 of the Dungeon
 13453 | D:10     | Noticed Fannar
 13546 | D:10     | Noticed Fannar
 13546 | D:10     | Fannar changed into Fannar the mana viper
 13860 | D:10     | Reached XP level 11. HP: 96/99 MP: 10/10
 13861 | D:10     | Found a staircase to the Lair.
 13905 | D:10     | Got a bone war axe
 13915 | D:10     | Noticed Fannar
 13915 | D:10     | Fannar the mana viper changed into Fannar the dream sheep
 13924 | D:10     | Killed Fannar the dream sheep
 13924 | D:10     | Reached skill level 10 in Fighting
 14268 | D:10     | Reached skill level 13 in Axes
 14275 | D:10     | Noticed Josephine
 14277 | D:10     | Noticed Josephine
 14277 | D:10     | Josephine changed into Josephine the shock serpent
 14288 | D:10     | Reached skill level 10 in Armour
 14289 | D:10     | Killed Josephine the shock serpent
 14297 | D:10     | Reached skill level 10 in Shields
 15131 | D:11     | Identified the cursed +2 war axe "Demonbane" {chop, Str+3
                  | Int+4 Stlth+} (You found it on level 10 of the Dungeon)
 15197 | D:11     | Received a gift from Nemelex Xobeh
 15528 | D:11     | Reached *** piety under Nemelex Xobeh
 15648 | D:11     | Received a gift from Nemelex Xobeh
 15948 | D:12     | Reached skill level 14 in Axes
 15983 | D:12     | Found a gate leading to a gauntlet.
 16099 | D:12     | Received a gift from Nemelex Xobeh
 16162 | D:12     | Found a runed translucent door.
 16163 | D:12     | Found Leuw's Food Shop.
 16295 | D:12     | Reached **** piety under Nemelex Xobeh
 16332 | D:12     | Received a gift from Nemelex Xobeh
 16431 | D:12     | Found a radiant altar of Vehumet.
 17049 | D:12     | Noticed Statics's ghost (journeyman GnFi)
 17160 | D:12     | Killed Statics's ghost
 17316 | D:12     | Bought a ration for 55 gold pieces
 17316 | D:12     | Bought a ration for 55 gold pieces
 17319 | D:13     | Found a gate to the Vaults.
 17319 | D:13     | Noticed Nessos
 17319 | D:13     | Noticed Urug
 17319 | D:13     | Noticed a two-headed ogre
 17333 | D:12     | Reached XP level 12. HP: 108/110 MP: 11/11
 17538 | D:12     | HP: 5/110 [komodo dragon (16)]
 17540 | D:12     | Demolished by a komodo dragon

Skill      XL: |  1  2  3  4  5  6  7  8  9 10 11 12 |
---------------+-------------------------------------+-----
Fighting       | 4 5 6 7 8 9 11 | 11.3
Armour         | 4 5 6 7 8 9 11 | 11.2
Axes           | 3 4 5 6 7 9 11 12 14 | 14.7
Dodging        | 1 |  1.0
Shields        | 4 5 7 8 9 10 11 | 11.1

Action                   |  1- 3 |  4- 6 |  7- 9 | 10-12 || total
-------------------------+-------+-------+-------+-------++-------
Melee: War axe           |    97 |   134 |   354 |   534 ||  1119
       Headbutt          |    11 |    19 |    84 |    99 ||   213
 Abil: Draw Summoning    |       |       |     2 |     3 ||     5
       Draw Destruction  |       |       |     1 |    25 ||    26
       Draw Escape       |       |       |     1 |     3 ||     4
Evoke: Wand              |       |       |       |     3 ||     3
  Use: Scroll            |       |     1 |     7 |     8 ||    16
       Potion            |       |     1 |     7 |     8 ||    16
 Stab: Invisible         |       |       |       |     1 ||     1
  Eat: Chunk             |     1 |     6 |     8 |    18 ||    33
       Ration            |     1 |       |     3 |     4 ||     8
Armor: Scale mail        |    53 |    48 |       |       ||   101
       Chain mail        |       |       |   154 |    71 ||   225
       Plate armour      |       |       |       |   148 ||   148
       Skin              |       |       |       |    12 ||    12
Dodge: Dodged            |    36 |    37 |    99 |   182 ||   354
Block: Shield            |    78 |    25 |   191 |   289 ||   583
       Large shield      |       |    87 |       |       ||    87
